 Dungeon Crawl Stone Soup version 0.20.0-10-g0535bb4 (webtiles) character file.

274 4thArraOfDagon the Slasher (level 6, -5/84 HPs)
             Began as a Naga Gladiator on June 2, 2017.
             Was an Initiate of Gozag.
             Slain by a yak (8 damage)
             ... on level 4 of the Dungeon on June 3, 2017.
             The game lasted 00:08:13 (1765 turns).

4thArraOfDagon the Slasher (Naga Gladiator)         Turns: 1765, Time: 00:08:14

Health: -5/84      AC:  6    Str: 21    XL:     6   Next: 24%
Magic:  6/6        EV: 11    Int: 10    God:    Gozag
Gold:   32         SH:  0    Dex: 13    Spells: 5/5 levels left

rFire    . . .     SeeInvis +   a - +0 long sword
rCold    + . .     Gourm    .   (no shield)
rNeg     . . .     Faith    .   e - +0 ring mail
rPois    +         Spirit   .   j - +0 helmet
rElec    .         Reflect  .   (no cloak)
rCorr    .         Harm     .   x - +0 pair of gloves
MR       .....                  (no barding)
Stlth    ..........             w - amulet of magic regeneration
Regen    0.3/turn               D - ring of protection from cold
MPRegen  0.2/turn               l - +1 ring of evasion

@: berserking (expiring), gold aura, quick
A: see invisible, deformed body, poison resistance, slowness 2, slow metabolism
1, spit poison 1, AC +2
a: Spit Poison, Potion Petition, Call Merchant, Bribe Branch, Renounce Religion


You were on level 4 of the Dungeon.
You worshipped Gozag.
Gozag was noncommittal.
You were not hungry.

You visited 1 branch of the dungeon, and saw 4 of its levels.

You collected 363 gold pieces.
You spent 305 gold pieces at shops.
You paid 26 gold pieces to Gozag.

Inventory:

Hand Weapons
 a - a +0 long sword (weapon)
Missiles
 d - a throwing net (quivered)
Armour
 b - a +0 leather armour
 c - a +0 helmet
 e - a +0 ring mail (worn)
 j - a +0 helmet (worn)
 x - a +0 pair of gloves (worn)
Jewellery
 l - a +1 ring of evasion (right hand)
 q - an uncursed ring of loudness
 w - an amulet of magic regeneration (around neck)
 D - a ring of protection from cold (left hand)
 G - a +2 ring of protection {unknown}
Wands
 p - a wand of clouds (2/9)
 B - a wand of iceblast (8/15)
Scrolls
 h - 3 scrolls of teleportation
 i - a scroll of identify
 n - 6 scrolls of enchant armour
 r - 3 scrolls of remove curse
 s - a scroll of amnesia {unknown}
 y - a scroll of fear {unknown}
 z - a scroll of fog {unknown}
 A - a scroll of noise {unknown}
Potions
 k - a potion of degeneration
 m - 4 potions of curing {unknown}
 o - a potion of mutation
 t - 2 potions of brilliance
 v - a potion of haste
Comestibles
 f - 4 bread rations
 g - a meat ration
 u - 2 royal jellies
 E - a fruit


   Skills:
 + Level 3.5 Fighting
 * Level 5.3 Long Blades
 - Level 1.7 Throwing
 + Level 3.3 Dodging


You had 5 spell levels left.
You didn't know any spells.

Dungeon Overview and Level Annotations

Branches:
Dungeon (4/15)
 Temple: D:4-7

Altars:
Gozag
Kikubaaqudgha

Shops:
D:4 ?

Annotations:
D:4 1 transporter


Innate Abilities, Weirdness & Mutations

You cannot wear boots.
Your serpentine skin is tough. (AC +2)
You have supernaturally acute eyesight. (SInv)
Armour fits poorly on your strangely shaped body.
Your system is resistant to poisons. (rPois)
You cover ground very slowly.
You have a slow metabolism.
You can spit poison.


Message History

The worker ant is lightly wounded.
Unknown command.
You slash the yak!
The yak is moderately wounded.
The yak gores you!
* * * LOW HITPOINT WARNING * * *
The worker ant barely misses you.
Unknown command.
You slash the yak!
The yak is severely wounded.
The yak gores you!
* * * LOW HITPOINT WARNING * * *
The worker ant misses you.
Unknown command.
You barely miss the yak.
The yak is severely wounded.
The orc is no longer distracted by gold.
The yak gores you!
You die...
Your body crumbles into a pile of gold.

#........####.##.... .#
##........##...##..###.. #.
#.....>..............##. ## #.#
.#........#########..... .# #..##
##.##....##.......##.#..#. ....
...##.#..#8.#!..#.8#.##..# #..
..###.#..#$$.#.#...#.###.## #.
#.# #....#.?.....a.#......## #.
..# #....#_$....@o.#©..##..#####.
.####.#..#.?..%.$Y.#..####.....##
# ##.....#$$.#.#.?.#.## #####...
###[.....#8.#...#.8#.# #..#
....#.#..##...©...##.#########)##
####..#...#########............##
##.....#............#############
...###.############## # .### #..#
#


You could see a yak, a worker ant and an orc.

Vanquished Creatures
  An ogre (D:4)
  An orc wizard (D:3)
  A worker ant (D:4)
  Terence (D:2)
  An adder (D:3)
  2 worms (D:2)
  A dart slug (D:2)
  2 leopard geckos
  16 orcs
  7 goblins
  4 hobgoblins
  7 jackals (D:1)
  4 kobolds
  3 quokkas
  2 ball pythons
  7 bats
  10 frilled lizards
  4 rats
74 creatures vanquished.

Notes
Turn   | Place    | Note
-------+----------+-------------------------------------------
     0 | D:1      | 4thArraOfDagon the Naga Gladiator began the quest for the Orb.
     0 | D:1      | Reached XP level 1. HP: 19/19 MP: 1/1
   135 | D:1      | Reached XP level 2. HP: 23/26 MP: 2/2
   340 | D:2      | Noticed Terence
   370 | D:2      | Reached XP level 3. HP: 33/33 MP: 3/3
   562 | D:3      | Found an opulent altar of Gozag.
   611 | D:3      | Reached skill level 4 in Long Blades
   611 | D:3      | Reached XP level 4. HP: 18/40 MP: 4/4
   626 | D:3      | Became a worshipper of Gozag Ym Sagoz the Greedy
   921 | D:2      | Killed Terence
   921 | D:2      | Reached XP level 5. HP: 48/49 MP: 5/5
  1512 | D:4      | Found Catres Potei's Magic Scroll Emporium.
  1517 | D:4      | Noticed an ogre
  1518 | D:4      | Found an ancient bone altar of Kikubaaqudgha.
  1518 | D:4      | Found a transporter.
  1518 | D:4      | Noticed a yak
  1575 | D:4      | Bought 3 scrolls of enchant armour for 225 gold pieces
  1575 | D:4      | Bought a scroll of teleportation for 30 gold pieces
  1575 | D:4      | Bought a scroll of remove curse for 30 gold pieces
  1575 | D:4      | Bought a scroll of identify for 20 gold pieces
  1612 | D:4      | murphy: would u pls look in my game for a sec? i wanna show u something
  1635 | D:4      | 4thArraOfDagon: ok
  1635 | D:4      | Upgraded the game from 0.20.0-8-g6b59dc7 to 0.20.0-10-g0535bb4
  1659 | D:4      | Found a transporter.
  1761 | D:4      | Killed an ogre
  1761 | D:4      | Reached skill level 5 in Long Blades
  1761 | D:4      | Reached XP level 6. HP: 29/56 MP: 6/6
  1764 | D:4      | HP: 3/84 [yak (9)]
  1765 | D:4      | Slain by a yak

Skill      XL: |  1  2  3  4  5 |
---------------+----------------+-----
Long Blades    | 4 5 |  5.3
Fighting       | 3 |  3.5
Dodging        | 3 |  3.3
Throwing       | |  1.7

Action                   |  1- 3 |  4- 6 || total
-------------------------+-------+-------++-------
Melee: Long sword        |    71 |   107 ||   178
Throw: Throwing net      |     3 |     1 ||     4
 Abil: Spit Poison       |    29 |    15 ||    44
Evoke: Wand              |       |     1 ||     1
  Use: Scroll            |       |     9 ||     9
       Potion            |       |     2 ||     2
 Stab: Held in net/web   |     1 |       ||     1
       Confused          |       |     1 ||     1
  Eat: Chunk             |     1 |       ||     1
       Meat ration       |       |     1 ||     1
Armor: Leather armour    |     7 |       ||     7
       Ring mail         |    16 |    30 ||    46
Dodge: Dodged            |    50 |    66 ||   116
       Rpst.: Long sword |    18 |    19 ||    37
